 Dungeon Crawl Stone Soup version 0.21.1-1-g345015f (webtiles) character file.

97 diana the Ducker (level 4, -6/26 HPs)
             Began as a Tengu Gladiator on June 9, 2018.
             Killed by divine providence
             ... invoked by an orc priest
              (13 damage)
             ... on level 3 of the Dungeon.
             The game lasted 00:04:06 (2620 turns).

diana the Ducker (Tengu Gladiator)                  Turns: 2620, Time: 00:04:09

Health: -6/26      AC:  3    Str: 14    XL:     4   Next: 68%
Magic:  5/5        EV: 14    Int:  9    God:
Gold:   110        SH:  0    Dex: 16    Spells: 3/3 levels left

rFire    . . .     SeeInvis .   a - +0 long sword
rCold    . . .     Gourm    .   (no shield)
rNeg     . . .     Faith    .   b - +0 leather armour
rPois    .         Spirit   .   c - +0 hat
rElec    .         Reflect  .   (no cloak)
rCorr    .         Harm     .   (no gloves)
MR       .....                  (boots unavailable)
Stlth    +.........             (no amulet)
HPRegen  0.08/turn              (no ring)
MPRegen  0.09/turn              (no ring)

@: no status effects
A: beak, talons 3
a: no special abilities


You were on level 3 of the Dungeon.
You were near starving.

You visited 1 branch of the dungeon, and saw 3 of its levels.

You collected 110 gold pieces.

Inventory:

Hand Weapons
 a - a +0 long sword (weapon)
Missiles
 d - 3 throwing nets (quivered)
Armour
 b - a +0 leather armour (worn)
 c - a +0 hat (worn)
 p - a +1 shield of reflection
Jewellery
 k - a cursed -5 ring of protection {unknown}
 l - a +2 ring of protection {unknown}
 n - an uncursed amulet of guardian spirit {unknown}
 o - an uncursed amulet of regeneration {unknown}
Scrolls
 e - 3 scrolls of enchant weapon {unknown}
 g - 3 scrolls of teleportation {unknown}
 h - a scroll of magic mapping {unknown}
 i - 2 scrolls of fog {unknown}
 j - a scroll of identify {unknown}
 m - 2 scrolls of fear {unknown}
Comestibles
 f - 3 rations


   Skills:
 - Level 2.0 Fighting
 + Level 4.3 Long Blades
 - Level 2.0 Throwing
 - Level 1.3 Armour
 + Level 4.6 Dodging
 - Level 0.7 Stealth


You had 3 spell levels left.
You didn't know any spells.

Dungeon Overview and Level Annotations

Branches:
Dungeon (3/15)

Altars:
Elyvilon
Yredelemnul

Annotations:
D:3 Sigmund


Innate Abilities, Weirdness & Mutations

You have a beak for a mouth.
You have claws for feet.


Message History

You are too injured to fight recklessly!
You are too injured to fight recklessly!
You are too injured to fight recklessly!
You are too injured to fight recklessly!
You are too injured to fight recklessly!
You are too injured to fight recklessly!
You are too injured to fight recklessly!
You are too injured to fight recklessly!
You are too injured to fight recklessly!
You are too injured to fight recklessly!
You are too injured to fight recklessly!
You are too injured to fight recklessly!
Unknown command.
It was a potion of magic.
Magic courses through your body. The orc hits you with a club.
* * * LOW HITPOINT WARNING * * *
The orc priest mumbles some strange prayers to Beogh against you.
Beogh smites you!
Ouch! That really hurt!
You die...

####
####.################...
....ooo@................
####.o##############....
## ...........
########... #... #...
#... #?## #.##


You could see 2 orc priests and 2 orcs.

Vanquished Creatures
  4 gnolls (D:2)
  2 oozes
  A worm (D:2)
  A dart slug (D:1)
  A leopard gecko (D:2)
  3 giant cockroaches
  3 goblins
  4 hobgoblins
  5 kobolds
  A quokka (D:2)
  A ball python (D:2)
  11 bats
  2 frilled lizards
  7 rats
  2 bushes (D:2)
48 creatures vanquished.

Notes
Turn   | Place    | Note
-------+----------+-------------------------------------------
     0 | D:1      | diana the Tengu Gladiator began the quest for the Orb.
     0 | D:1      | Reached XP level 1. HP: 12/12 MP: 2/2
    91 | D:1      | Reached XP level 2. HP: 15/17 MP: 3/3
   825 | D:1      | Reached XP level 3. HP: 20/21 MP: 4/4
   980 | D:2      | Reached XP level 4. HP: 26/26 MP: 5/5
  1323 | D:2      | Reached skill level 1 in Armour
  1771 | D:2      | Found a white marble altar of Elyvilon.
  1823 | D:2      | Found a basalt altar of Yredelemnul.
  2289 | D:3      | Noticed Sigmund
  2620 | D:3      | Killed from afar by an orc priest

Skill      XL: |  1  2  3  4 |
---------------+-------------+-----
Dodging        | 4 |  4.6
Long Blades    | 4 |  4.3
Armour         | 1 |  1.3
Fighting       | |  2.0
Throwing       | |  2.0
Stealth        | |  0.7

Action                   |  1- 3 |  4- 6 || total
-------------------------+-------+-------++-------
Melee: Long sword        |    51 |   145 ||   196
       Kick              |    15 |    73 ||    88
       Peck              |    10 |    56 ||    66
  Use: Potion            |     1 |     1 ||     2
 Stab: Sleeping          |       |     1 ||     1
  Eat: Chunk             |       |     4 ||     4
Armor: Leather armour    |    19 |    11 ||    30
       Skin              |     6 |    28 ||    34
Dodge: Dodged            |    42 |    30 ||    72
       Rpst.: Long sword |    13 |     8 ||    21
